 Dungeon Crawl Stone Soup version 0.22-a0-374-g5dfd9e3 (webtiles) character file.

37 JeffiDaFish the Firebug (level 3, -3/26 HPs)
             Began as a Draconian Fire Elementalist on Apr 27, 2018.
             Killed from afar by Sigmund (5 damage)
             ... with a magic dart
             ... on level 2 of the Dungeon.
             The game lasted 00:03:12 (1660 turns).

JeffiDaFish the Firebug (DrFE)                      Turns: 1660, Time: 00:03:13

Health: -3/26      AC:  5    Str: 10    XL:     3   Next: 23%
Magic:  1/6        EV: 12    Int: 16    God:
Gold:   34         SH:  0    Dex: 11    Spells: 2/6 levels left

rFire    . . .     SeeInvis .   a - +0 whip
rCold    . . .     Gourm    .   (no shield)
rNeg     . . .     Faith    .   (armour unavailable)
rPois    .         Spirit   .   (helmet restricted)
rElec    .         Reflect  .   (no cloak)
rCorr    .         Harm     .   (no gloves)
MR       .....                  (no boots)
Stlth    ++........             (no amulet)
HPRegen  0.08/turn              (no ring)
MPRegen  0.10/turn              (no ring)

@: no status effects
A: unfitting armour, cold-blooded, AC +5
a: no special abilities


You were on level 2 of the Dungeon.
You were hungry.

You visited 1 branch of the dungeon, and saw 2 of its levels.

You collected 34 gold pieces.

Inventory:

Hand Weapons
 a - a +0 whip (weapon)
Comestibles
 b - a ration


   Skills:
 + Level 2.1 Dodging
 + Level 2.1 Stealth
 + Level 2.2 Spellcasting
 * Level 2.0 Conjurations
 + Level 3.2 Fire Magic


You had 2 spell levels left.
You knew the following spells:

 Your Spells              Type           Power        Failure   Level  Hunger
a - Flame Tongue          Conj/Fire      ##...        7%          1    #......
b - Conjure Flame         Conj/Fire      ##......     21%         3    ###....


Dungeon Overview and Level Annotations

Branches:
Dungeon (2/15)

Altars:

Annotations:
D:2 Sigmund


Innate Abilities, Weirdness & Mutations

Your plain brown scales are hard. (AC +5)
You cannot fit into any form of body armour.
You are cold-blooded and may be slowed by cold attacks.


Message History

Sigmund flickers and vanishes!
Deactivating autopickup; reactivate with Ctrl-A.
Something hits you!
Ouch! That really hurt!
* * * LOW HITPOINT WARNING * * *
You aren't carrying any potions.
Something hits you.
* * * LOW HITPOINT WARNING * * *
Casting: Flame Tongue (safe; 7% risk of failure)
Confirm with . or Enter, or press ? or * to list all spells.
Aiming: Flame Tongue (safe; 7% risk of failure)
Press: ? - help, Shift-Dir - straight line The flame tongue hits something.
Something hits you but does no damage.
Casting: Flame Tongue (safe; 7% risk of failure)
Confirm with . or Enter, or press ? or * to list all spells.
Aiming: Flame Tongue (safe; 7% risk of failure)
Press: ? - help, Shift-Dir - straight line A magic dart appears from out of thin air!
The magic dart hits you!
You die...

#.......##(#
#...[...##.#
#.......#.)#
#.........##
###.....#
#....##.#
#.##.##.# ..
#.##.# )..
#..#@# ..
##.#....# .
..###.# #.#
# #.# #.# #.
#.


There were no monsters in sight!

Vanquished Creatures
  3 dart slugs (D:1)
  A giant cockroach (D:1)
  2 hobgoblins (D:1)
  7 bats (D:1)
  4 frilled lizards (D:1)
  5 goblins
  7 kobolds (D:1)
  4 rats
33 creatures vanquished.

Notes
Turn   | Place    | Note
-------+----------+-------------------------------------------
     0 | D:1      | JeffiDaFish the Draconian Fire Elementalist began the quest for the Orb.
     0 | D:1      | Reached XP level 1. HP: 14/14 MP: 3/3
   112 | D:1      | Reached XP level 2. HP: 17/20 MP: 5/5
  1018 | D:1      | Reached XP level 3. HP: 26/26 MP: 6/6
  1045 | D:1      | Learned a level 3 spell: Conjure Flame
  1640 | D:2      | Noticed Sigmund
  1660 | D:2      | Killed from afar by Sigmund

Vault maps used:
D:1:      eino_arrival_cavern_c, st_stairs_6
D:2:      old_standard_altar, nicolae_overflow_hidden_temple, uniq_sigmund,
          uniq_crazy_yiuf_cottage

Skill      XL: |  1  2  3 |
---------------+----------+-----
Dodging        | 2 |  2.1
Stealth        | 2 |  2.1
Conjurations   | 2 |  2.0
Spellcasting   | |  2.2
Fire Magic     | |  3.2

Action                   || total
-------------------------++-------
Melee: Whip              ||    85
       Tailslap          ||     7
 Cast: Flame Tongue      ||    28
  Use: Potion            ||     2
       Scroll            ||     2
 Stab: Sleeping          ||     1
  Eat: Chunk             ||     2
Armor: Skin              ||    48
Dodge: Dodged            ||    77

Table legend:
 A = Spawn XP
 B = Non-spawn XP
 C = Spawn XP percentage of total XP
 D = Spawn monster count
 E = Non-spawn monster count
 F = Spawn count percentage of total count
 G = Total turns spent on level
                    A         B        C        D         E        F      G
               +---------+---------+-------+---------+---------+-------+---------
         Total |       0 |      54 |   0.0 |       0 |      33 |   0.0 |  1660
               +---------+---------+-------+---------+---------+-------+---------
           D:1 |       0 |      51 |   0.0 |       0 |      31 |   0.0 |  1622
           D:2 |       0 |       3 |   0.0 |       0 |       2 |   0.0 |    38
               +---------+---------+-------+---------+---------+-------+---------
